 Dungeon Crawl Stone Soup version 0.31.0-11-ge490571c62 (webtiles) character file.

Game seed: 39102750117207143

282 qw the Skirmisher (level 6, -5/35 HPs)
             Began as a Deep Elf Hunter on Feb 4, 2024.
             Was an Initiate of Okawaru.
             Killed from afar by an orc wizard (7 damage)
             ... with a puff of flame
             ... on level 4 of the Dungeon.
             The game lasted 00:01:33 (2588 turns).

qw the Skirmisher (Deep Elf Hunter)                 Turns: 2588, Time: 00:01:34

Health: -5/35      AC:  6    Str: 10    XL:     6   Next: 6%
Magic:  8/8        EV: 11    Int: 14    God:    Okawaru [......]
Gold:   198        SH:  0    Dex: 18    Spells: 5/5 levels left

rFire   . . .        a - +0 shortbow (drain)
rCold   + . .        (shield currently unavailable)
rNeg    . . .        p - +1 ring mail
rPois   .            (no helmet)
rElec   .            (no cloak)
rCorr   .            (no gloves)
SInv    .            (no boots)
Will    .....        (no amulet)
Stlth   +            l - ring of protection from cold
HPRegen 0.25/turn    (no ring)
MPRegen 0.11/turn

%: no passive effects
@: about to teleport
A: no striking features
a: Renounce Religion


You were on level 4 of the Dungeon.
You worshipped Okawaru.
Okawaru was noncommittal.
You visited 2 branches of the dungeon, and saw 5 of its levels.

You collected 198 gold pieces.


   Skills:
 - Level 2.1 Fighting
 + Level 9.4 Ranged Weapons
 - Level 2.4 Dodging
 - Level 1.2 Stealth


You had 5 spell levels left.
You didn't know any spells.
Your spell library was empty.

Inventory:

Hand Weapons
 a - a +0 shortbow of draining (weapon)
Armour
 p - a +1 ring mail (worn)
Jewellery
 l - a ring of protection from cold (left hand)
Scrolls
 e - a scroll of teleportation
Potions
 b - 2 potions of mutation
 d - a potion of enlightenment
 h - a potion of might
 i - a potion of heal wounds {unknown}
 j - a potion of curing
 m - a potion of resistance {unknown}

Dungeon Overview and Level Annotations

Branches:
Dungeon (4/15)             Temple (1/1) D:4

Altars:
Ashenzari
Cheibriados
Dithmenos
Elyvilon
Fedhas
Gozag
Kikubaaqudgha
Makhleb
Nemelex Xobeh
Okawaru
Qazlal
Ru
Sif Muna
Uskayaw
Vehumet
Wu Jian
Xom
Yredelemnul
The Shining One

Annotations:
D:4 3 runed translucent doors


Message History

An orc priest comes into view. It is wielding a +0 club.
You shoot an arrow. The arrow hits the orc wizard.
You drain the orc wizard.
The orc wizard is almost dead.
The orc priest looks satisfied for a moment.
You hear a shout!
You shoot an arrow.
The arrow closely misses the orc wizard.
An orc wizard comes into view. It is wielding a +0 dagger.
You shoot an arrow. The arrow barely misses the orc wizard.
An orc comes into view. It is wielding a +0 mace.
You shoot an arrow. The arrow barely misses the orc wizard.
The orc shouts!
The orc priest calls down the wrath of Beogh upon you.
Beogh smites you!
You shoot an arrow. The arrow barely misses the orc wizard.
The orc wizard hits you but does no damage.
You shoot an arrow. The arrow barely misses the orc wizard.
The orc wizard casts a spell.
The orc wizard flickers and vanishes!
Deactivating autopickup; reactivate with Ctrl-A.
The orc priest invokes the aid of Beogh against you.
Beogh smites you!
You shoot an arrow.
The arrow hits the orc priest but does no damage.
You drain the orc priest.
The orc priest is lightly wounded.
Something hits you.
You shoot an arrow. The arrow barely misses the orc priest.
The arrow hits the orc!
You kill the orc!
Okawaru accepts your kill.
You hear some strange, mumbled words.
A puff of flame appears from out of thin air!
The puff of flame hits you!
2588 ||| READING 2 scrolls of teleportation.
As you read the scroll of teleportation, it crumbles to dust.
You feel strangely unstable.
The orc wizard gestures at you while chanting.
The puff of flame hits you!
You die...

#.# ##.# ##.## ##>##
#..# . #.## #.. #.#
##########.... # #.#
#.....{o...... ######.#
##.....@o..)...
..##...###...#######....
.....#......########....
#..###......# .........
#..###......###........
.......................
<.........###..........
........### ##.........
.####...# ##........


You could see an orc priest (very drained) and an orc wizard.

Vanquished Creatures
  A scorpion (D:3)
  A gnoll bouda (D:4)
  7 gnolls (D:4)
  5 adders
  A ribbon worm (D:3)
  8 orcs
  6 bats
  5 endoplasms
  4 giant cockroaches
  6 goblins
  4 hobgoblins
  7 kobolds
  4 quokkas
  8 ball pythons
  2 frilled lizards (D:3)
  8 rats
77 creatures vanquished.

Notes
Turn   | Place    | Note
-------+----------+-------------------------------------------
     0 | D:1      | qw the Deep Elf Hunter began the quest for the Orb.
     0 | D:1      | Reached XP level 1. HP: 12/12 MP: 3/3
     0 | D:1      | 0 ||| qw: Version: 0.3-a-160-g6735b56
     0 | D:1      | 0 ||| qw: Game counter: 5961
     0 | D:1      | 0 ||| qw: Melee chars always use a shield: true
     0 | D:1      | 0 ||| qw: God list: Okawaru
     0 | D:1      | 0 ||| qw: Allow faded altars: false
     0 | D:1      | 0 ||| qw: Do Orc after clearing Dungeon:15 true
     0 | D:1      | 0 ||| qw: Do second Lair branch before Depths: true
     0 | D:1      | 0 ||| qw: Lair rune preference: random
     0 | D:1      | 0 ||| qw: Goals: Normal
     0 | D:1      | 0 ||| PLANNING D:1-11
   116 | D:1      | Reached skill level 6 in Ranged Weapons
   116 | D:1      | Reached XP level 2. HP: 16/16 MP: 4/4
   369 | D:1      | 369 ||| READING 2 scrolls labelled FESAUCEOCS.
   374 | D:1      | 374 ||| READING scroll labelled ATUFUE MANO.
   375 | D:1      | 375 ||| READING scroll labelled HUCUBIQ UDWESK.
   375 | D:1      | 375 ||| BRANDING +0 shortbow.
   376 | D:1      | 376 ||| DROPPING scroll of butterflies.
   673 | D:2      | Reached XP level 3. HP: 20/20 MP: 5/5
   799 | D:2      | Reached skill level 7 in Ranged Weapons
  1072 | D:2      | 1072 ||| UPGRADING to +0 scale mail.
  1082 | D:2      | 1082 ||| DROPPING +0 leather armour.
  1083 | D:2      | 1083 ||| UPGRADING to +0 ring mail.
  1093 | D:2      | 1093 ||| DROPPING +0 scale mail.
  1094 | D:2      | 1094 ||| UPGRADING to ring of protection from cold.
  1095 | D:2      | 1095 ||| READING scroll labelled HAKIK FEG SYFA.
  1095 | D:2      | 1095 ||| IDENTIFYING fizzy dark potion
  1096 | D:2      | 1096 ||| READING scroll labelled NUOZOA QEPIZA.
  1096 | D:2      | 1096 ||| ENCHANTING +0 ring mail.
  1097 | D:2      | 1097 ||| READING scroll labelled FUFIGO LIULYB.
  1098 | D:2      | 1098 ||| READING scroll labelled SYWUM HECEOD.
  1184 | D:3      | Noticed a scorpion
  1189 | D:3      | Killed a scorpion
  1190 | D:3      | Reached skill level 8 in Ranged Weapons
  1190 | D:3      | Reached XP level 4. HP: 24/25 MP: 6/6
  1379 | D:3      | Reached XP level 5. HP: 29/29 MP: 7/7
  1710 | D:3      | 1710 ||| DRINKING 2 murky silvery potions.
  1711 | D:3      | 1711 ||| DRINKING 2 bubbling blue potions.
  1712 | D:3      | 1712 ||| DROPPING potion of brilliance.
  1741 | D:4      | 1741 ||| PLANNING OSSUARY
  1863 | D:4      | Found a staircase to the Ecumenical Temple.
  2027 | D:4      | Reached skill level 9 in Ranged Weapons
  2038 | D:4      | 2038 ||| FLEEEEING.
  2039 | D:4      | 2039 ||| FLEEEEING.
  2040 | D:4      | 2040 ||| FLEEEEING.
  2045 | D:4      | 2045 ||| FLEEEEING.
  2082 | D:4      | 2082 ||| FLEEEEING.
  2116 | D:4      | Found a runed translucent gate.
  2117 | D:4      | Found a runed translucent gate.
  2118 | D:4      | Found a runed translucent gate.
  2334 | D:4      | Reached XP level 6. HP: 29/35 MP: 8/8
  2349 | D:4      | 2349 ||| RIP OSSUARY
  2356 | D:4      | 2356 ||| PLANNING TEMPLE
  2356 | D:4      | 2356 ||| READING scroll of identify.
  2356 | D:4      | 2356 ||| IDENTIFYING silvery potion
  2357 | D:4      | 2357 ||| READING scroll labelled BAOZEMI ANOEFF.
  2458 | D:4      | 2458 ||| DRINKING 2 cyan potions.
  2478 | Temple   | Entered the Ecumenical Temple
  2479 | Temple   | 2479 ||| PLANNING OKAWARU WORSHIP
  2493 | Temple   | Became a worshipper of Warmaster Okawaru
  2494 | Temple   | 2494 ||| PLANNING D:1-11
  2587 | D:4      | HP: 1/35 [something/puff of flame (10)]
  2588 | D:4      | 2588 ||| READING 2 scrolls of teleportation.
  2588 | D:4      | Killed from afar by an orc wizard

Levels and vault maps discovered:
D:1:      roderic_dead_forest, layout_rooms
D:2:      minmay_chambers_of_twos, layout_basic
D:3:      layout_basic
D:4:      layout_layer_cave, minmay_temple_entry_waves,
          gammafunk_ghost_necromancy, enter_ossuary_1, serial_library,
          serial_library_hellmonk_filled_rooms,
          serial_library_hellmonk_secret_room,
          serial_library_hellmonk_hallway_b, serial_library_hellmonk_hallway_b,
          serial_library_hellmonk_open_square,
          serial_library_hellmonk_open_cross,
          serial_library_hellmonk_open_square, minmay_small_thing
Temple:   nicolae_temple_bog_church

Skill      XL: |  1  2  3  4  5 |
---------------+----------------+-----
Ranged Weapons | 6 8 9 |  9.4
Fighting       | 2 |  2.1
Dodging        | |  2.4
Stealth        | |  1.2

Action                     |  1- 3 |  4- 6 || total
---------------------------+-------+-------++-------
   Fire: Shortbow          |    98 |   103 ||   201
    Use: Scroll            |     7 |     3 ||    10
         Potion            |       |     3 ||     3
 Armour: Leather armour    |    14 |       ||    14
         Ring mail         |     1 |    13 ||    14
  Dodge: Dodged            |    19 |    17 ||    36

Table legend:
 A = Non-vault XP
 B = Vault XP
 C = Vault XP percentage of total XP
 D = Non-vault monster count
 E = Vault monster count
 F = Vault count percentage of total count
                 A         B        C        D         E       F
            +---------+---------+-------+---------+---------+-------
      Total |     390 |      13 |   3.2 |      69 |       8 |  10.4
            +---------+---------+-------+---------+---------+-------
        D:1 |      31 |       0 |   0.0 |      19 |       0 |   0.0
        D:2 |      38 |      13 |  25.5 |       9 |       8 |  47.1
        D:3 |     168 |       0 |   0.0 |      26 |       0 |   0.0
        D:4 |     153 |       0 |   0.0 |      15 |       0 |   0.0
            +---------+---------+-------+---------+---------+-------
